 Dungeon Crawl Stone Soup version 0.20.0-15-g7f486f2 (webtiles) character file.

12 OliverScoot the Stinger (level 2, -2/17 HPs)
             Began as an Octopode Venom Mage on June 27, 2017.
             Slain by a worm (11 damage)
             ... on level 2 of the Dungeon.
             The game lasted 00:11:47 (757 turns).

OliverScoot the Stinger (Octopode Venom Mage)        Turns: 757, Time: 00:11:48

Health: -2/17      AC:  1    Str:  7    XL:     2   Next: 33%
Magic:  0/5        EV: 13    Int: 17    God:
Gold:   54         SH:  0    Dex: 12    Spells: 2/5 levels left

rFire    . . .     SeeInvis .   d - +1 whip
rCold    . . .     Gourm    .   (no shield)
rNeg     . . .     Faith    .   (helmet restricted)
rPois    .         Spirit   .   (no amulet)
rElec    .         Reflect  .   (no ring)
rCorr    .         Harm     .   (no ring)
MR       .....                  (no ring)
Stlth    +++.......             (no ring)
Regen    0.1/turn               (no ring)
MPRegen  0.1/turn               (no ring)
                                (no ring)
                                (no ring)

@: no status effects
A: almost no armour, stealthy swim, amphibious, 8 rings, constrict 8, camouflage
1, gelatinous body 1
a: no special abilities


You were on level 2 of the Dungeon.
You were not hungry.

You visited 1 branch of the dungeon, and saw 2 of its levels.

You collected 54 gold pieces.

Inventory:

Hand Weapons
 d - a +1 whip (weapon)
Armour
 i - a +0 robe
Scrolls
 e - 2 scrolls of identify
 g - a scroll of remove curse
 h - a scroll of enchant weapon
 j - a scroll of magic mapping {unknown}
Books
 a - a Young Poisoner's Handbook

   Spells                             Type                      Level
   a - Sting                          Conjuration/Poison           1
   b - Poisonous Vapours              Poison/Air                   2
   c - Mephitic Cloud                 Conjuration/Poison/Air       3
   d - Olgreb's Toxic Radiance        Poison                       4
   e - Venom Bolt                     Conjuration/Poison           5
Comestibles
 b - a bread ration
 c - a chunk of flesh
 f - a royal jelly


   Skills:
 + Level 2.0 Dodging
 * Level 3.1 Stealth
 * Level 2.1 Spellcasting
 * Level 1.0 Conjurations
 + Level 0.2 Air Magic
 - Level 4.0 Poison Magic


You had 2 spell levels left.
You knew the following spells:

 Your Spells              Type           Power        Failure   Level  Hunger
a - Sting                 Conj/Pois      ##..         7%          1    #......
b - Poisonous Vapours     Pois/Air       #.....       12%         2    ###....


Dungeon Overview and Level Annotations

Branches:
Dungeon (2/15)

Altars:
Ashenzari
Qazlal


Innate Abilities, Weirdness & Mutations

You cannot wear most types of armour.
You are very stealthy in the water. (Stealth+)
You are amphibious.
You can wear up to eight rings at the same time.
You can use your tentacles to constrict eight enemies at once.
Your skin changes colour to match your surroundings (Stealth+).
Your rubbery body absorbs attacks. (AC +1, EV +1)


Message History

Aim: a worm The sting hits the worm.
The worm is poisoned.
The worm is lightly wounded.
Found an escape hatch in the ceiling.
Found a scroll labeled UMYOCIL ANISERPH.
The worm looks more healthy.
j - a scroll labeled UMYOCIL ANISERPH
Casting: Sting
Confirm with . or Enter, or press ? or * to list all spells.
Aiming: Sting
Press: ? - help, Shift-Dir - straight line, f/p - worm
Aim: a worm (lightly wounded)
The sting hits the worm.
The worm appears unharmed.
The worm is lightly wounded.
The worm bites you!
You hit the worm. You grab the worm.
The worm is lightly wounded.
You constrict the worm. The worm bites you!
Ouch! That really hurt!
You die...

.....##.# #.......#
#.......# #....!!.#
#.##.#..### #######
#.#...%...# #.....#
#.#.##..#.##
#..@..###.#.##(...>.
#...w...............
#.....#####.........
#.<...# #.....#.##
####### #.......#
#.....### #.....#
###.### #.#


You could see a worm.

Vanquished Creatures
  A ball python (D:1)
  2 hobgoblins (D:1)
  2 quokkas (D:2)
  3 bats
  3 kobolds (D:1)
  A rat (D:2)
12 creatures vanquished.

Notes
Turn   | Place    | Note
-------+----------+-------------------------------------------
     0 | D:1      | OliverScoot the Octopode Venom Mage began the quest for the Orb.
     0 | D:1      | Reached XP level 1. HP: 11/11 MP: 3/3
   467 | D:1      | Found a shattered altar of Ashenzari.
   479 | D:1      | Reached skill level 4 in Poison Magic
   506 | D:1      | Reached XP level 2. HP: 8/17 MP: 0/5
   580 | D:1      | Learned a level 2 spell: Poisonous Vapours
   608 | D:2      | Found a stormy altar of Qazlal.
   757 | D:2      | Slain by a worm

Skill      XL: |  1 |
---------------+----+-----
Poison Magic   | 4 |  4.0
Stealth        | 3 |  3.1
Dodging        | |  2.0
Spellcasting   | |  2.1
Conjurations   | |  1.0
Air Magic      | |  0.2

Action                   || total
-------------------------++-------
Melee: Whip              ||     5
       Constrict         ||     2
       Tentacles         ||     1
 Cast: Sting             ||    14
       Poisonous Vapours ||     4
  Use: Scroll            ||     5
       Potion            ||     3
Armor: Skin              ||     7
Dodge: Dodged            ||    13
